 Dungeon Crawl Stone Soup version 0.32-a0-900-g30fb1b0edc (webtiles) character file.

Game seed: 3471344303010050734

935 PostNTowers the Cudgeller (level 8, -7/49 HPs)
             Began as a Gargoyle Fighter on Apr 5, 2024.
             Was a Priest of Wu Jian.
             Splashed by a jelly's acid (8 damage)
             ... on level 5 of the Dungeon.
             The game lasted 00:05:27 (3830 turns).

PostNTowers the Cudgeller (Gargoyle Fighter)        Turns: 3830, Time: 00:05:29

Health: -7/49      AC:  6    Str: 20    XL:     8   Next: 11%
Magic:  8/8        EV:  8    Int: 14    God:    Wu Jian [***...]
Gold:   378        SH:  4    Dex:  8    Spells: 7/7 levels left

rFire   . . .        a - +0 flail
rCold   . . .        c - +0 buckler
rNeg    + . .        b - +0 scale mail
rPois   ∞            (no helmet)
rElec   +            s - +0 cloak
rCorr   .            (no gloves)
SInv    .            (no boots)
Will    .....        (no amulet) Stlth
                     m - ring of flight
HPRegen 0.28/turn    (no ring)
MPRegen 0.11/turn

%: clarity
@: corroded, flying
A: sickness immunity, AC +5, negative energy resistance 1, electricity
resistance, torment resistance 1, petrification resistance, clarity, clever 1,
devolution 1
a: Renounce Religion, Wall Jump, Serpent's Lash


You were on level 5 of the Dungeon.
You worshipped Wu Jian.
Wu Jian was most pleased with you.
You visited 1 branch of the dungeon, and saw 5 of its levels.

You collected 378 gold pieces.

Inventory:

Hand Weapons
 a - a +0 flail (weapon)
Missiles
 k - 2 throwing nets (quivered)
Armour
 b - a +0 scale mail (worn)
 c - a +0 buckler (worn)
 s - a +0 cloak (worn)
Jewellery
 m - a ring of flight (left hand)
 y - a +6 ring of dexterity
Wands
 n - a wand of light (2)
Scrolls
 e - a scroll of immolation
 i - 2 scrolls of teleportation
 j - 3 scrolls of vulnerability
 r - 2 scrolls of revelation
Potions
 d - a potion of might
 f - 2 potions of ambrosia {unknown}
 g - 3 potions of brilliance {unknown}
 h - a potion of invisibility {unknown}
 l - 4 potions of curing
 o - 2 potions of heal wounds {unknown}
 p - a potion of lignification
 t - a potion of magic {unknown}
 x - a potion of berserk rage


   Skills:
 + Level 5.2 Fighting
 + Level 6.5 Maces & Flails
 + Level 5.3 Armour
 + Level 1.5 Dodging
 + Level 1.0 Stealth
 + Level 4.3 Shields


You had 7 spell levels left.
You didn't know any spells.
Your spell library contained the following spells:

 Spells                   Type           Power      Damage    Failure   Level
 Volatile Blastmotes      Fire/Tloc      0%         2d10      96%         3
 Fulminant Prism          Conj/Alch      0%         3d5       100%        4
 Iskenderun's Mystic Bla Conj/Tloc 0%             2d3        (+2d1     100%        4
 Martyr's Knell           Necr/Summ      0%         N/A       100%        4
 Summon Hydra             Summ           0%         N/A       100%        7
 Dragon's Call            Summ           0%         N/A       100%        9


Dungeon Overview and Level Annotations

Branches:
Dungeon (5/15)
 Temple: D:4-7

Altars:
Uskayaw
Wu Jian
Zin

Shops:
D:2 *


Innate Abilities, Weirdness & Mutations

You are immune to sickness and miasma.
Your stone body is resilient. (AC +5)
You are immune to poison.
You resist negative energy. (rN+)
You are resistant to electric shocks. (rElec)
You are resistant to unholy torment.
You are immune to petrification.
You possess an exceptional clarity of mind.
Your mind is acute. (Int +4, Str/Dex -1)
You have hidden genetic defects.


Message History

A jelly is nearby!
You sock the jelly!
Your hands burn!
The jelly is moderately wounded.
You block the jelly's attack.
You hit the jelly. The acid corrodes you!
Your hands burn!
The jelly is heavily wounded.
The jelly hits you but does no damage. The jelly hits you.
You are splashed with acid!
You sock the jelly!
Your hands burn!
The jelly is severely wounded.
The jelly hits you but does no damage.
You are too injured to fight recklessly!
You are too injured to fight recklessly!
You are too injured to fight recklessly!
You are too injured to fight recklessly!
You are too injured to fight recklessly!
You are too injured to fight recklessly!
You are too injured to fight recklessly!
You are too injured to fight recklessly!
You are too injured to fight recklessly!
You are too injured to fight recklessly!
You are too injured to fight recklessly!
You are too injured to fight recklessly!
You are too injured to fight recklessly!
You are too injured to fight recklessly!
You hit the jelly but do no damage.
Your hands burn!
The jelly is severely wounded.
The jelly hits you.
You are splashed with acid!
* * * LOW HITPOINT WARNING * * *
You hit the jelly but do no damage.
Your hands burn!
* * * LOW HITPOINT WARNING * * *
The jelly is severely wounded.
The jelly hits you but does no damage.
You hit the jelly. The acid corrodes you!
Your hands burn!
* * * LOW HITPOINT WARNING * * *
The jelly is almost dead.
The jelly hits you.
* * * LOW HITPOINT WARNING * * *
You are splashed with acid!
You die...

*,,,,,*,,,,,,÷#....#,,,,,,,*,,,,,
,,,,,,+,,,,,,,#....#,,,,,,,',,,,,
,,,,,,****#####....#########..,,,
,,,,,,,,,,...#......#.)$......,**
,,,,,,,,,,...'....)))..)......,*
,,,,,,,,,,...#.....)#.$....g..,**
,,,,,,*******##...)#########..,,,
,,,,,,+,,,,,,,#....#,,,,,,,',.,,,
*,,,,,*,,,,,,,#.@).#,,,,,,,*,,,,,
*****###########J'###############
~~~~~≈≈≈≈≈≈≈≈~~....~~≈≈≈≈≈≈≈≈≈≈≈≈
~~~~~≈≈≈≈≈≈≈≈~.....~~≈≈≈≈~≈≈~≈~~≈
~~~~~~~~~~~~≈~.....~~~~≈~~~≈~~~~~
~,,~~.~..~.~~.~....)..~)~~~~~~~~~
,,,,,..................)....)....
,,,,,............................
****,.##.........###########)####


You could see a jelly.

Vanquished Creatures
  2 black bears
  An ogre (D:4)
  A centaur (D:5)
  A phantom (D:4)
  2 bombardier beetles
  2 jellies
  Jessica (D:3)
  An iguana (D:4)
  4 orc wizards (D:4)
  5 adders
  7 gnolls
  A dart slug (D:1)
  6 orcs (D:4)
  2 ball pythons (D:2)
  10 endoplasms
  6 giant cockroaches
  18 goblins
  13 hobgoblins
  4 jackals
  14 kobolds
  3 quokkas
  3 bats
  3 frilled lizards (D:2)
  7 rats
117 creatures vanquished.

Notes
Turn   | Place    | Note
-------+----------+-------------------------------------------
     0 | D:1      | PostNTowers the Gargoyle Fighter began the quest for the
                  | Orb.
     0 | D:1      | Reached XP level 1. HP: 14/14 MP: 1/1
    52 | D:1      | Reached XP level 2. HP: 8/19 MP: 2/2
   116 | D:1      | Found a faded altar of an unknown god.
   133 | D:1      | Prayed at the altar of an unknown god.
   133 | D:1      | Became a worshipper of the Wu Jian Council
   133 | D:1      | Reached * piety under Wu Jian
   174 | D:1      | Got Mara's Dissertation on the Swarm
   345 | D:1      | Reached XP level 3. HP: 23/23 MP: 3/3
   805 | D:2      | Found Jadacahi's Assorted Antiques.
   863 | D:2      | Reached ** piety under Wu Jian
   874 | D:2      | Reached skill level 3 in Maces & Flails
   874 | D:2      | Reached XP level 4. HP: 26/29 MP: 4/4
  1128 | D:3      | Noticed Jessica
  1139 | D:3      | Killed Jessica
  1327 | D:3      | Reached XP level 5. HP: 19/33 MP: 5/5
  1995 | D:4      | Noticed a phantom
  2002 | D:4      | Killed a phantom
  2003 | D:4      | Reached skill level 4 in Maces & Flails
  2003 | D:4      | Reached XP level 6. HP: 38/38 MP: 6/6
  2080 | D:4      | Noticed a black bear
  2088 | D:4      | Killed a black bear
  2089 | D:4      | Reached skill level 5 in Armour
  2089 | D:4      | Reached skill level 1 in Dodging
  2190 | D:4      | Reached skill level 5 in Maces & Flails
  2304 | D:4      | Found a hide-covered altar of Uskayaw.
  2355 | D:4      | Reached XP level 7. HP: 43/43 MP: 7/7
  2612 | D:4      | Reached *** piety under Wu Jian
  2939 | D:4      | Found a glowing silver altar of Zin.
  3260 | D:5      | Entered Level 5 of the Dungeon
  3282 | D:5      | Reached skill level 5 in Fighting
  3282 | D:5      | Reached skill level 6 in Maces & Flails
  3519 | D:5      | Reached skill level 1 in Stealth
  3519 | D:5      | Reached XP level 8. HP: 47/49 MP: 8/8
  3525 | D:5      | Gained mutation: You possess an exceptional clarity of
                  | mind. [potion of mutation]
  3525 | D:5      | Gained mutation: You have hidden genetic defects. [potion
                  | of mutation]
  3525 | D:5      | Gained mutation: Your mind is acute. (Int +4, Str/Dex -1)
                  | [potion of mutation]
  3830 | D:5      | HP: 2/49 [acid (2)]
  3830 | D:5      | Splashed by a jelly's acid

Illustrated notes

Levels and vault maps discovered:
D:1:      minmay_arrival_four_loops, layout_basic,
          chequers_ecumenical_altar_twisty
D:2:      layout_rooms, serial_shops, nicolae_shop_gibbet_a_chance
D:3:      layout_loops_cross, hangedman_decor_growths, uniq_jessica
D:4:      layout_basic, mainiacjoe_overflow_surrounded_room, lemuel_tele_altar,
          hex_intersection, st_stairs_2, dk_noncrumbling_3, grunt_ministairs_12,
          minmay_starry_boxes
D:5:      minmay_goblin_kobold_castle, layout_basic,
          mainiacjoe_overflow_divided_tiny

Skill      XL: |  1  2  3  4  5  6  7 |
---------------+----------------------+-----
Maces & Flails | 3 4 5 6 |  6.5
Armour         | 4 5 |  5.3
Fighting       | 4 5 |  5.2
Dodging        | 1 |  1.5
Shields        | 4 |  4.3
Stealth        | 1 |  1.0

Action                     |  1- 3 |  4- 6 |  7- 9 || total
---------------------------+-------+-------+-------++-------
  Melee: Flail             |    88 |   120 |   197 ||   405
Ability: Lunge             |     6 |    10 |     8 ||    24
         Whirlwind         |       |       |     4 ||     4
    Use: Scroll            |       |     1 |     9 ||    10
         Potion            |       |       |     1 ||     1
 Armour: Scale mail        |    85 |    72 |   200 ||   357
  Dodge: Dodged            |    48 |    50 |   115 ||   213
  Block: Buckler           |    19 |    21 |    52 ||    92

Table legend: (Time is in decaauts)
 A = Elapsed time spent in this place.
 B = Non-inter-level travel time spent in this place.
 C = Inter-level travel time spent in this place.
 D = Time resting spent in this place.
 E = Time spent auto-exploring this place.
 F = Levels seen in this place.
 G = Mean time per level.
                   A        B        C        D        E       F      G
               +--------+--------+--------+--------+--------+-----+--------+
         Total |   3905 |   3822 |     83 |      4 |   2958 |   5 |  781.0 |
       Dungeon |   3905 |   3822 |     83 |      4 |   2958 |   5 |  781.0 |
               +--------+--------+--------+--------+--------+-----+--------+

Top non-repeatable levels by time:
     D:4: 1320 daAuts
     D:3: 877 daAuts
     D:1: 687 daAuts
     D:5: 581 daAuts
     D:2: 439 daAuts
